Description

Parting's Adept Twister

This build is a really fast gateway timing attack that hits at around 3:17 with 5 or 6 adepts. It's quite difficult to execute perfectly, so I labelled it as "hard" but I think most players could hit a reasonable time with enough practice. It's a super fun build that breaks a lot of the opening norms we're used to. You're really going to crush a lot of Terrans with this build.

Make sure to upvote this build order if you found it helpful :)

VOD

https://www.youtube.com/watch?v=JgVw6AsTL9c

Replay - Parting's Adept Twister

Build Order

Get SALT Encoding   

  6  0:00  Probe  
  13  0:12  Probe  
  14  0:16  Pylon  
  14  0:24  Probe  
  15  0:34  Gateway  
  15  0:36  Probe  
  16  0:48  Probe  
  17  1:01  Probe  
  18  1:10  Nexus  
  18  1:15  Assimilator  
  18  1:24  Cybernetics Core  
  18  1:27  Probe  
  19  1:33  Pylon  
  19  1:40  Probe  
  20  1:51  Gateway  
  20  1:52  Warp Gate (Chrono Boost), Probe  
  21  2:03  Adept (Chrono Boost)  
  21  2:04  Probe  
  24  2:18  Gateway  
  26  2:26  Adept  
  30  2:38  Adept  
  34  2:55  Pylon  
  35  3:04  Assimilator  
  36  3:10  Assimilator  
  38  3:18  Adept x3  
Spawning Tool Build Advisor. Get it on Overwolf

Go to:

Details

  • Created by: hushang      
  • Published on: Mar 08, 2021
  • Modified on: Mar 08, 2021
  • Patch: 4.11.0
  • Difficulty: Hard
Show
View Real Time Build Order
Export as new Build Order

Comments (3)

On June 7, 2021, 7:01 p.m., mcstevo1  said:

This build is really good and hits a very good timing. The mineral line at the 2nd is usually so undefended for this attack. No siege tanks and maybe 1 widow mine to deal with during the attack.

On April 23, 2021, 7:15 a.m., D0m3n97  said:

@wezoweez This build was played by a pro player and easily won me many many games.

On April 21, 2021, 3:07 p.m., wezoweez  said:

this build is legit bad

Create an account to comment!